 Dungeon Crawl Stone Soup version 0.32-a0-711-g016ad743e0 (webtiles) character file.

Game seed: 6096533364224364473

110 Griffin23 the Conjurer (level 4, 0/27 HPs)
             Began as an Octopode Conjurer on Mar 15, 2024.
             Was an Initiate of Yredelemnul.
             Slain by Ijyb
             ... wielding a +7 club
              (7 damage)
             ... on level 3 of the Dungeon.
             The game lasted 00:08:17 (2646 turns).

Griffin23 the Conjurer (Octopode Conjurer)          Turns: 2646, Time: 00:08:17

Health: 0/27       AC:  5    Str:  6    XL:     4   Next: 91%
Magic:  1/7        EV: 12    Int: 22    God:    Yredelemnul [......]
Gold:   71         SH:  0    Dex: 10    Spells: 5/8 levels left

rFire   . .          .
                       - Unarmed
rCold   . . .        (no shield)
rNeg    . . .        i - +0 hat
rPois   .            (no amulet)
rElec   .            c - +4 ring of protection
rCorr   .            (no ring)
SInv    .            (no ring)
Will    .....        (no ring)
Stlth   ++           (no ring)
HPRegen 0.24/turn    (no ring)
MPRegen 0.10/turn    (no ring)
                     (no ring)

%: no passive effects
@: confused, wreathed by umbra
A: almost no armour, amphibious, 8 rings, camouflage 1, gelatinous body 1,
(nimble swimmer 1), tentacles
a: Renounce Religion, Light the Black Torch, Recall Undead Harvest


You were on level 3 of the Dungeon.
You worshipped Yredelemnul.
Yredelemnul was noncommittal.
You visited 1 branch of the dungeon, and saw 3 of its levels.

You collected 71 gold pieces.

Inventory:

Armour
 i - a +0 hat (worn)
Jewellery
 c - a +4 ring of protection (left tentacle)
Scrolls
 b - a scroll of blinking {unknown}
 d - 2 scrolls of enchant weapon {unknown}
 e - a scroll of silence {unknown}
 f - 4 scrolls of identify {unknown}
 g - a scroll of amnesia {unknown}
 j - a scroll of torment {unknown}
 k - a scroll of noise {unknown}
Potions
 a - a potion of magic
 h - a potion of lignification {unknown}
 l - a potion of curing {unknown}
 m - a potion of degeneration {unknown}
 n - a potion of brilliance {unknown}
 o - a potion of invisibility {unknown}


   Skills:
 + Level 2.7 Dodging
 + Level 4.0 Stealth
 + Level 1.0 Unarmed Combat
 + Level 2.5 Spellcasting
 * Level 4.8 Conjurations


You had 5 spell levels left.
You knew the following spells:

 Your Spells              Type           Power      Damage    Failure   Level
a - Magic Dart            Conj           96%        1d7       1%          1
b - Searing Ray           Conj           48%        2d6       2%          2

Your spell library contained the following spells:

 Spells                   Type           Power      Damage    Failure   Level
 Fulminant Prism          Conj/Alch      6%         3d6       43%         4
 Iskenderun's Mystic Bla  Conj/Tloc      13%        2d5       43%         4


Dungeon Overview and Level Annotations

Branches:
Dungeon (3/15)

Altars:
Fedhas
Kikubaaqudgha
Trog
Yredelemnul

Annotations:
D:3 Ijyb


Innate Abilities, Weirdness & Mutations

You cannot wear most types of armour.
You are amphibious.
You can wear up to eight rings at the same time.
Your skin changes colour to match your surroundings (Stealth+).
Your rubbery body absorbs attacks. (AC +1, EV +1)
((You are camouflaged when in or above water. (Stealth+)))
You have tentacles for arms and can constrict up to eight enemies at once.


Message History

Your orc zombie misses Ijyb.
The orc wizard zombie barely misses you.
The magic dart hits the orc wizard zombie.
The orc wizard zombie is moderately damaged.
Your orc zombie completely misses Ijyb.
The magic dart hits the orc wizard zombie!
The orc wizard zombie is severely damaged.
Your orc zombie hits Ijyb.
The magic dart hits the orc wizard zombie!
The orc wizard zombie is almost destroyed.
The orc wizard zombie closely misses you.
The magic dart hits the orc wizard zombie.
You destroy the orc wizard zombie!
That felt strangely unrewarding.
Your orc zombie hits Ijyb but does no damage.
Ijyb zaps a wand.
You resist with some effort.
The magic dart hits Ijyb but does no damage.
Ijyb is lightly wounded.
Your orc zombie closely misses Ijyb.
The magic dart hits Ijyb but does no damage.
Ijyb is lightly wounded.
Your orc zombie barely misses Ijyb.
Ijyb hits you with a +7 club!
You barely miss Ijyb. Your grab misses Ijyb.
Ijyb is lightly wounded.
Ijyb barely misses you.
Your orc zombie barely misses Ijyb.
Ijyb zaps a wand.
You resist with some effort.
Ijyb zaps a wand.
Your will is overpowered!
You are confused.
You bump into the rock wall.
Ijyb zaps a wand.
Your will is overpowered!
You are more confused.
You're too confused to move!
Ijyb hits you with a +7 club!
* * * LOW HITPOINT WARNING * * *
You are too injured to fight recklessly!
You are too injured to fight recklessly!
You are too injured to fight recklessly!
Ijyb hits you with a +7 club!
You die...
Ijyb screams, "Time for next experiment!"
Your body rises from the dead as a mindless zombie.

..#.# # #######
..#.# #.....#
#......#.# ######
#.....#
#......#.###....#
#.....#
#................
#.....#
.....#.###....#
).#.....####
....#.########
#........Z.##
#.......#
##....Z##g@#
#o......#
#########.#
#..ow...# #.#
####.#### #.# #o#
####.# #.#
#....##
#.########
#.....#
#......w).
#.....##
#######...
#......#### #...


You could see Ijyb (ally target) and a friendly orc zombie.

Vanquished Creatures
  An orc wizard (D:3)
  An adder (D:2)
  A gnoll (D:1)
  An orc zombie (D:3)
  3 dart slugs
  A ribbon worm (D:3)
  4 orcs
  8 ball pythons
  2 endoplasms
  3 giant cockroaches
  5 goblins
  4 hobgoblins
  4 jackals (D:1)
  4 kobolds
  4 bats
  3 frilled lizards
  4 rats
53 creatures vanquished.

Vanquished Creatures (others)
  A goblin zombie (D:3)
  An orc zombie (D:3)
2 creatures vanquished.

Grand Total: 55 creatures vanquished

Notes
Turn   | Place    | Note
-------+----------+-------------------------------------------
     0 | D:1      | Griffin23 the Octopode Conjurer began the quest for the
                  | Orb.
     0 | D:1      | Reached XP level 1. HP: 11/11 MP: 3/3
   212 | D:1      | Reached XP level 2. HP: 16/17 MP: 5/5
   274 | D:1      | Learned a level 2 spell: Searing Ray
   688 | D:1      | Reached XP level 3. HP: 21/21 MP: 1/6
  1393 | D:2      | Reached XP level 4. HP: 27/27 MP: 4/7
  1928 | D:3      | Found a basalt altar of Yredelemnul.
  2000 | D:3      | Found a blossoming altar of Fedhas.
  2000 | D:3      | Found an ancient bone altar of Kikubaaqudgha.
  2000 | D:3      | Found a bloodstained altar of Trog.
  2009 | D:3      | Became a worshipper of Yredelemnul the Fallen
  2441 | D:3      | Reached skill level 1 in Unarmed Combat
  2612 | D:3      | Noticed Ijyb
  2646 | D:3      | Slain by Ijyb

Illustrated notes

Levels and vault maps discovered:
D:1:      dpeg_arrival_castle, layout_basic
D:2:      layout_basic
D:3:      layout_basic, chequers_temple_overflow_statue_of_worship,
          lightli_sewer_entry_pipes, uniq_ijyb

Skill      XL: |  1  2  3  4 |
---------------+-------------+-----
Stealth        | 3 4 |  4.0
Unarmed Combat | 1 |  1.0
Dodging        | |  2.7
Spellcasting   | |  2.5
Conjurations   | |  4.8

Action                     |  1- 3 |  4- 6 || total
---------------------------+-------+-------++-------
  Melee: Unarmed           |    28 |    12 ||    40
         Constrict         |     9 |     1 ||    10
         Tentacles         |     7 |     1 ||     8
   Cast: Magic Dart        |    42 |    60 ||   102
   Stab: Sleeping          |     2 |       ||     2
 Armour: Skin              |    20 |    14 ||    34
  Dodge: Dodged            |    24 |    26 ||    50

Table legend: (Time is in decaauts)
 A = Elapsed time spent in this place.
 B = Non-inter-level travel time spent in this place.
 C = Inter-level travel time spent in this place.
 D = Time resting spent in this place.
 E = Time spent auto-exploring this place.
 F = Levels seen in this place.
 G = Mean time per level.
                   A        B        C        D        E       F      G
               +--------+--------+--------+--------+--------+-----+--------+
         Total |   2645 |   2585 |     60 |    189 |   1859 |   3 |  881.7 |
       Dungeon |   2645 |   2585 |     60 |    189 |   1859 |   3 |  881.7 |
               +--------+--------+--------+--------+--------+-----+--------+

Top non-repeatable levels by time:
     D:2: 1005 daAuts
     D:1: 921 daAuts
     D:3: 718 daAuts
